 Dungeon Crawl Stone Soup version 0.22-a0-565-gfc6459a (webtiles) character file.

310 Hebeh the Chopper (level 6, -11/55 HPs)
             Began as a Minotaur Fighter on June 28, 2018.
             Killed by divine providence
             ... invoked by an orc priest
              (13 damage)
             ... on level 4 of the Dungeon.
             The game lasted 00:08:31 (2472 turns).

Hebeh the Chopper (Minotaur Fighter)                Turns: 2472, Time: 00:08:32

Health: -11/55     AC:  7    Str: 22    XL:     6   Next: 17%
Magic:  0/5        EV:  7    Int:  5    God:
Gold:   81         SH: 10    Dex: 10    Spells: 5/5 levels left

rFire    . . .     SeeInvis .   a - +0 war axe
rCold    . . .     Gourm    .   c - +0 shield
rNeg     . . .     Faith    .   b - +0 scale mail
rPois    .         Spirit   +   (helmet restricted)
rElec    .         Reflect  .   (no cloak)
rCorr    .         Harm     .   (no gloves)
MR       .....                  (no boots)
Stlth    ..........             g - amulet of guardian spirit
HPRegen  0.18/turn              (no ring)
MPRegen  0.09/turn              (no ring)

@: no status effects
A: retaliatory headbutt, horns 2
a: no special abilities


You were on level 4 of the Dungeon.
You were not hungry.

You visited 1 branch of the dungeon, and saw 4 of its levels.

You collected 81 gold pieces.

Inventory:

Hand Weapons
 a - a +0 war axe (weapon)
Armour
 b - a +0 scale mail (worn)
 c - a +0 shield (worn)
Jewellery
 g - an amulet of guardian spirit (around neck)
Scrolls
 e - a scroll of magic mapping {unknown}
 h - 3 scrolls of remove curse
 i - a scroll of identify
 j - a scroll of random uselessness {unknown}
 m - a scroll of enchant armour {unknown}
 p - 2 scrolls of fear {unknown}
 q - a scroll of fog {unknown}
Potions
 d - a potion of might
 k - a potion of lignification {unknown}
 l - a potion of agility {unknown}
 n - 3 potions of mutation {unknown}
 o - 2 potions of curing {unknown}
 r - 4 potions of heal wounds {unknown}
 s - a potion of haste {unknown}
Comestibles
 f - a ration


   Skills:
 + Level 4.9 Fighting
 * Level 5.3 Axes
 + Level 4.9 Armour
 + Level 4.9 Shields


You had 5 spell levels left.
You didn't know any spells.
Your spell library contained the following spells:

 Spells                   Type           Power        Failure   Level  Hunger
 Apportation              Tloc           #.....       99%         1    ##.....
 Summon Small Mammal      Summ           #...         99%         1    ##.....
 Animate Skeleton         Necr           N/A          99%         1    ##.....
 Confusing Touch          Hex            #.....       99%         1    ##.....


Dungeon Overview and Level Annotations

Branches:
Dungeon (4/15)
 Temple: D:4-7

Altars:


Innate Abilities, Weirdness & Mutations

You reflexively headbutt those who attack you in melee.
You have a pair of horns on your head.


Message History

You slash the hound skeleton!
You destroy the hound skeleton!
You block the orc priest's attack.
The gnoll hits you from afar with a spear.
* * * LOW HITPOINT WARNING * * *
The orc priest completely misses you. You furiously retaliate!
You headbutt the orc priest. You closely miss the orc priest.
The orc priest is heavily wounded.
You hit the orc. You block the orc's attack.
The gnoll hits you from afar with a spear!
* * * LOW HITPOINT WARNING * * *
The orc priest hits you with a whip.
* * * LOW HITPOINT WARNING * * *
You barely miss the orc priest. You headbutt the orc priest.
The orc priest is almost dead.
You hit the orc. The orc closely misses you. The gnoll closely misses you.
The orc priest mumbles some strange prayers to Beogh against you.
Beogh smites you!
You die...

# ##..## #. ..... #
###...# #. ....
###.....###. ...
.........##. ##.#
.....####...###..#
###.## ##.....# #.#
##....## ###.#
#..##(.# ....#
##.####@# #...#
###..## #oogo....
###.####.....#
##og#....
##....####....#s...
.. ##..###
.......... ###..##
.###........ ....##
## ....... ....#
.......
....######.#


You could see a scorpion, an orc priest, 2 gnolls and 3 orcs.

Vanquished Creatures
  A sky beast (D:3)
  An orc priest (D:3)
  A centaur skeleton (D:4)
  An orc wizard (D:3)
  A worker ant (D:4)
  2 hound skeletons (D:4)
  A gnoll (D:4)
  An adder (D:3)
  2 worms (D:2)
  2 dart slugs (D:1)
  A leopard gecko (D:1)
  4 orcs (D:3)
  2 giant cockroaches (D:3)
  8 goblins
  4 hobgoblins
  12 kobolds
  A quokka (D:2)
  A ball python skeleton (D:4)
  10 bats
  2 frilled lizards (D:1)
  4 rats
62 creatures vanquished.

Notes
Turn   | Place    | Note
-------+----------+-------------------------------------------
     0 | D:1      | Hebeh the Minotaur Fighter began the quest for the Orb.
     0 | D:1      | Reached XP level 1. HP: 19/19 MP: 0/0
   203 | D:1      | Reached XP level 2. HP: 25/27 MP: 1/1
   255 | D:1      | Reached skill level 3 in Axes
   636 | D:2      | Reached XP level 3. HP: 30/33 MP: 2/2
  1403 | D:3      | Noticed a sky beast
  1411 | D:3      | Killed a sky beast
  1411 | D:3      | Reached skill level 4 in Axes
  1411 | D:3      | Reached XP level 4. HP: 23/41 MP: 3/3
  1411 | D:3      | Reached XP level 5. HP: 27/47 MP: 4/4
  2210 | D:4      | Reached skill level 5 in Axes
  2222 | D:4      | Reached XP level 6. HP: 34/55 MP: 5/5
  2471 | D:4      | HP: 2/55 [orc priest/whip (3)]
  2472 | D:4      | Killed from afar by an orc priest

Vault maps used:
D:1:      sevenhm_arrival_forest_fort_small_6, st_stairs_7, minmay_pentomino_s4
D:4:      minitemple, first_ration, grunt_ministairs_1, uniq_menkaure,
          uniq_sigmund

Skill      XL: |  1  2  3  4  5 |
---------------+----------------+-----
Axes           | 3 4 5 |  5.3
Shields        | 4 |  4.9
Armour         | 4 |  4.9
Fighting       | 4 |  4.9

Action                   |  1- 3 |  4- 6 || total
-------------------------+-------+-------++-------
Melee: War axe           |   101 |    60 ||   161
       Headbutt          |     9 |    10 ||    19
  Use: Scroll            |       |     2 ||     2
  Eat: Chunk             |     2 |       ||     2
       Ration            |       |     1 ||     1
Armor: Scale mail        |    38 |    25 ||    63
Dodge: Dodged            |    34 |    19 ||    53
Block: Shield            |    56 |    36 ||    92

Table legend:
 A = Spawn XP
 B = Non-spawn XP
 C = Spawn XP percentage of total XP
 D = Spawn monster count
 E = Non-spawn monster count
 F = Spawn count percentage of total count
 G = Total turns spent on level
                    A         B        C        D         E        F      G
               +---------+---------+-------+---------+---------+-------+---------
         Total |       0 |     443 |   0.0 |       0 |      62 |   0.0 |  2472
               +---------+---------+-------+---------+---------+-------+---------
           D:1 |       0 |      38 |   0.0 |       0 |      21 |   0.0 |   598
           D:2 |       0 |      35 |   0.0 |       0 |      18 |   0.0 |   622
           D:3 |       0 |     245 |   0.0 |       0 |      17 |   0.0 |   949
           D:4 |       0 |     125 |   0.0 |       0 |       6 |   0.0 |   303
               +---------+---------+-------+---------+---------+-------+---------
